 Dungeon Crawl Stone Soup version 0.31-a0-152-g6aa68a64a1 (webtiles) character file.

Game seed: 7419663547876185231

142 qw the Shooter (level 5, -1/46 HPs)
             Began as a Minotaur Hunter on June 10, 2023.
             Slain by an orc
             ... wielding a +0 hand axe
              (3 damage)
             ... on level 3 of the Dungeon.
             The game lasted 00:00:50 (2043 turns).

qw the Shooter (Minotaur Hunter)                    Turns: 2043, Time: 00:00:50

Health: -1/46      AC:  4    Str: 16    XL:     5   Next: 4%
Magic:  4/4        EV: 12    Int:  6    God:
Gold:   69         SH:  0    Dex: 15    Spells: 4/4 levels left

rFire   . . .        Y - +0 shortbow
rCold   . . .        (shield currently unavailable)
rNeg    . . .        c - +0 leather armour
rPois   .            (helmet restricted)
rElec   .            (no cloak)
rCorr   .            (no gloves)
SInv    .            h - +0 pair of boots
Will    .....        (no amulet)
Stlth   +            (no ring)
HPRegen 0.27/turn    (no ring)
MPRegen 0.09/turn

%: no passive effects
@: confused, about to teleport
A: horns 2, retaliatory headbutt
a: no special abilities


You were on level 3 of the Dungeon.
You visited 1 branch of the dungeon, and saw 3 of its levels.

You collected 69 gold pieces.


Innate Abilities, Weirdness & Mutations

You have a pair of horns on your head.
You reflexively headbutt those who attack you in melee.


   Skills:
 - Level 4.1 Fighting
 + Level 6.1 Ranged Weapons
 - Level 1.0 Armour
 - Level 2.1 Dodging
 - Level 0.7 Stealth


You had 4 spell levels left.
You didn't know any spells.
Your spell library was empty.

Inventory:

Hand Weapons
 Y - a +0 shortbow (weapon)
Armour
 c - a +0 leather armour (worn)
 h - a +0 pair of boots (worn)
 i - a +1 ring mail of willpower
Scrolls
 a - a scroll of teleportation
 f - a scroll of identify
 k - a scroll of enchant armour {unknown}
Potions
 b - a potion of degeneration {unknown}
 d - a potion of brilliance {unknown}
 e - a potion of curing {unknown}
 g - a potion of resistance {unknown}
 j - a potion of cancellation {unknown}

Dungeon Overview and Level Annotations

Branches:
Dungeon (3/15)

Altars:

Shops:
D:1 *   D:3 =


Message History

Enter note:
Enter note:
2023 ||| FLEEEEING.
2024 ||| FLEEEEING.
2025 ||| FLEEEEING.
2026 ||| FLEEEEING.
You hear some strange, mumbled words.
You are confused.
Something hits you. Something hits you. The orc misses you.
Something completely misses you. The orc hits you with a +0 hand axe.
You feel less confused. Something hits you.
The orc hits you but does no damage.
You shoot an arrow. The arrow closely misses the orc.
You hear some strange, mumbled words.
A puff of flame appears from out of thin air!
The puff of flame hits you! The orc barely misses you.
You shoot an arrow. The arrow hits the orc.
The orc is heavily wounded.
Something hits you. The orc hits you with a +0 hand axe.
You shoot an arrow. The arrow hits the orc.
The orc is severely wounded.
You hear some strange, mumbled words.
You are confused.
The orc closely misses you. The orc barely misses you. Something hits you.
Something hits you. The orc completely misses you. Something hits you.
The orc barely misses you. Something hits you but does no damage.
The orc barely misses you. Something hits you.
The orc hits you with a +0 hand axe. Something hits you.
The orc hits you but does no damage.
You feel less confused. Something hits you.
The orc hits you but does no damage.
2042 ||| READING 2 scrolls of teleportation.
As you read the scroll of teleportation, it crumbles to dust.
You feel strangely unstable.
You hear some strange, mumbled words.
You are confused.
The orc barely misses you. Something hits you.
The orc hits you with a +0 hand axe.
You die...

######.........).).). #.
..........##.#.##.##
#.##.##..###.##.# #
#.##.##..###.##.#
#...[........##.#
###........##..##.#
####).........##..##..
##.).)..)......##{.###..#
##.##.##....##..@o......#
#..#.#.#.########..###.##
....#\#..# #..#
...#.#.#.# #..#
##)##.##.# #..# #.......#
#.<# ##..##### #..#
####.# #..#
...#.############..#


You could see an orc.

Vanquished Creatures
  An orc wizard (D:3)
  Robin (D:2)
  2 adders (D:2)
  A dart slug (D:3)
  7 orcs (D:3)
  3 ball pythons
  2 bats
  5 endoplasms (D:1)
  3 giant cockroaches (D:1)
  10 goblins
  5 hobgoblins
  10 jackals
  2 quokkas (D:1)
  4 frilled lizards
  7 kobolds
  9 rats
72 creatures vanquished.

Notes
Turn   | Place    | Note
-------+----------+-------------------------------------------
     0 | D:1      | qw the Minotaur Hunter began the quest for the Orb.
     0 | D:1      | Reached XP level 1. HP: 18/18 MP: 0/0
     0 | D:1      | 0 ||| qw: Version: 0.2-a-122-gbc61b45
     0 | D:1      | 0 ||| qw: Game counter: 3523
     0 | D:1      | 0 ||| qw: Always use a shield: true
     0 | D:1      | 0 ||| qw: God list: Okawaru
     0 | D:1      | 0 ||| qw: Allow faded altars: false
     0 | D:1      | 0 ||| qw: Do Orc after D:15 true
     0 | D:1      | 0 ||| qw: Do second Lair branch before Depths: true
     0 | D:1      | 0 ||| qw: Lair rune preference: random
     0 | D:1      | 0 ||| qw: Plans: Normal
     0 | D:1      | 0 ||| PLANNING D:1-11
   126 | D:1      | Reached XP level 2. HP: 25/25 MP: 1/1
   127 | D:1      | Found Anei's Assorted Antiques.
   136 | D:1      | 136 ||| SHOPLISTING brown potion (21 gold, have 12).
   136 | D:1      | 136 ||| SHOPLISTING fuming dark potion (21 gold, have 12).
   136 | D:1      | 136 ||| SHOPLISTING scroll labelled OSOHICK EWOT (24 gold,
                  | have 12).
   136 | D:1      | 136 ||| SHOPLISTING scroll labelled QYJIOG XIMPO (24 gold,
                  | have 12).
   170 | D:1      | Reached skill level 5 in Ranged Weapons
   257 | D:1      | Reached skill level 3 in Fighting
   578 | D:1      | Reached XP level 3. HP: 28/31 MP: 2/2
   797 | D:1      | Found a faded altar of an unknown god.
   800 | D:1      | 800 ||| UPGRADING to +0 pair of boots.
   805 | D:1      | 805 ||| READING 2 scrolls labelled DECRO PILAD.
   808 | D:1      | 808 ||| READING scroll labelled UZIWAO NACHO.
   809 | D:1      | 809 ||| READING scroll labelled HIP XE SUG MUICH.
   810 | D:1      | 810 ||| DROPPING scroll of butterflies.
  1314 | D:2      | Noticed Robin
  1316 | D:2      | 1316 ||| Stepping ~*~*~tactically~*~*~ (outnumbered).
  1320 | D:2      | Reached XP level 4. HP: 34/38 MP: 3/3
  1324 | D:2      | Killed Robin
  1325 | D:2      | Reached skill level 6 in Ranged Weapons
  1536 | D:2      | 1536 ||| READING 3 scrolls labelled OSOHICK EWOT.
  1537 | D:2      | 1537 ||| READING 2 scrolls of identify.
  1537 | D:2      | 1537 ||| IDENTIFYING purple potion
  1538 | D:2      | 1538 ||| DROPPING potion of magic.
  1662 | D:3      | Reached skill level 1 in Armour
  1852 | D:3      | Noticed a scorpion
  1961 | D:3      | 1961 ||| FLEEEEING.
  1962 | D:3      | 1962 ||| FLEEEEING.
  1962 | D:3      | Found Byen Ydi's Jewellery Shop.
  1963 | D:3      | 1963 ||| FLEEEEING.
  1964 | D:3      | 1964 ||| SHOPLISTING +5 ring of evasion (396 gold, have
                  | 69).
  1964 | D:3      | 1964 ||| SHOPLISTING amulet of reflection (330 gold, have
                  | 69).
  1964 | D:3      | 1964 ||| SHOPLISTING ring "Igumoh" {MP+9 Str+2 Dex+3} (412
                  | gold, have 69).
  1964 | D:3      | 1964 ||| SHOPLISTING ring "Luma" {rN+ Will+} (398 gold,
                  | have 69).
  1964 | D:3      | 1964 ||| SHOPLISTING ring of protection from fire (275
                  | gold, have 69).
  2006 | D:3      | Reached XP level 5. HP: 46/46 MP: 4/4
  2017 | D:3      | 2017 ||| FLEEEEING.
  2018 | D:3      | 2018 ||| FLEEEEING.
  2019 | D:3      | 2019 ||| FLEEEEING.
  2022 | D:3      | 2022 ||| FLEEEEING.
  2023 | D:3      | 2023 ||| FLEEEEING.
  2024 | D:3      | 2024 ||| FLEEEEING.
  2025 | D:3      | 2025 ||| FLEEEEING.
  2026 | D:3      | 2026 ||| FLEEEEING.
  2039 | D:3      | HP: 11/46 [something (3)]
  2040 | D:3      | HP: 5/46 [something (1)]
  2042 | D:3      | 2042 ||| READING 2 scrolls of teleportation.
  2043 | D:3      | HP: 2/46 [something (2)]
  2043 | D:3      | Slain by an orc

Levels and vault maps discovered:
D:1:      psy_arrival_basics, layout_basic, serial_shops, shop,
          shapermc_ecumenical_altar_petra, dk_noncrumbling_3
D:2:      layout_loops_cross, uniq_robin
D:3:      layout_loops_ring, serial_shops, nicolae_shop_gaudy_bauble,
          lightli_corner_chamber

Skill      XL: |  1  2  3  4 |
---------------+-------------+-----
Ranged Weapons | 5 6 |  6.1
Fighting       | 3 4 |  4.1
Armour         | 1 |  1.0
Dodging        | |  2.1
Stealth        | |  0.7

Action                     |  1- 3 |  4- 6 || total
---------------------------+-------+-------++-------
   Fire: Shortbow          |    98 |    74 ||   172
    Use: Scroll            |     3 |     3 ||     6
 Armour: Leather armour    |     6 |    14 ||    20
  Dodge: Dodged            |    13 |    32 ||    45

Table legend:
 A = Non-vault XP
 B = Vault XP
 C = Vault XP percentage of total XP
 D = Non-vault monster count
 E = Vault monster count
 F = Vault count percentage of total count
                 A         B        C        D         E       F
            +---------+---------+-------+---------+---------+-------
      Total |     172 |      32 |  15.7 |      62 |      10 |  13.9
            +---------+---------+-------+---------+---------+-------
        D:1 |      41 |       0 |   0.0 |      25 |       0 |   0.0
        D:2 |      50 |      32 |  39.0 |      16 |      10 |  38.5
        D:3 |      81 |       0 |   0.0 |      21 |       0 |   0.0
            +---------+---------+-------+---------+---------+-------
